 Dungeon Crawl Stone Soup version 0.30.1 (webtiles) character file.

Game seed: 6480161039763624471

49 Bnni the Sneak (level 3, 0/19 HPs)
             Began as a Vine Stalker Brigand on July 7, 2023.
             Slain by a gnoll
             ... wielding a +0 club
              (6 damage)
             ... on level 2 of the Dungeon.
             The game lasted 00:01:09 (970 turns).

Bnni the Sneak (Vine Stalker Brigand)                Turns: 970, Time: 00:01:10

Health: 0/19       AC:  7    Str: 15    XL:     3   Next: 77%
Magic:  0/4        EV:  9    Int: 11    God:
Gold:   73         SH:  0    Dex: 15    Spells: 2/2 levels left

rFire   . . .        a - +2 dagger
rCold   . . .        (no shield)
rNeg    . . .        i - +0 scale mail
rPois   .            (no helmet)
rElec   .            c - +0 cloak
rCorr   .            (no gloves)
SInv    .            (no boots)
Will    .....        (no amulet)
Stlth   ++           (no ring)
HPRegen 0.23/turn    (no ring)
MPRegen 0.09/turn

%: guardian spirit
@: no status effects
A: fangs 2, magic shield, antimagic bite, no potion heal 2
a: no special abilities


You were on level 2 of the Dungeon.
You visited 1 branch of the dungeon, and saw 2 of its levels.

You collected 73 gold pieces.

Inventory:

Hand Weapons
 a - a +2 dagger (weapon)
Missiles
 d - 9 poisoned darts (quivered)
 e - 3 curare-tipped darts
Armour
 c - a +0 cloak (worn)
 i - a +0 scale mail (worn)
Scrolls
 b - a scroll of teleportation {unknown}
 f - a scroll of magic mapping {unknown}
 g - 2 scrolls of silence {unknown}
 h - a scroll of blinking {unknown}
 k - a scroll of vulnerability {unknown}
Potions
 j - a potion of heal wounds {unknown}
 l - a potion of lignification {unknown}
 m - a potion of degeneration {unknown}
 n - a potion of magic {unknown}


   Skills:
 + Level 2.3 Fighting
 * Level 2.8 Short Blades
 - Level 1.7 Throwing
 - Level 0.7 Dodging
 + Level 5.3 Stealth


You had 2 spell levels left.
You didn't know any spells.
Your spell library was empty.

Dungeon Overview and Level Annotations

Branches:
Dungeon (2/15)

Altars:


Innate Abilities, Weirdness & Mutations

You have extremely sharp teeth.
When hurt, damage is shared between your health and your magic reserves.
Your bite disrupts and absorbs the magic of your enemies.
Potions cannot restore your health.


Message History

No target in view!
You now have 73 gold pieces (gained 14).
A gnoll comes into view. It is wielding a +0 club.
A gnoll is nearby! 2 gnolls and a bat come into view.
A gnoll comes into view. It is wielding a +0 flail.
The gnoll shouts! x4
You hit the gnoll.
The gnoll is moderately wounded.
The gnoll hits you with a +0 club. The gnoll attacks as you move away!
The gnoll barely misses you. The bat hits you but does no damage.
The gnoll attacks as you move away! The gnoll hits you with a +0 club.
The bat barely misses you. The bat hits you but does no damage.
You closely miss the bat. You bite the bat, but do no damage.
The bat hits you but does no damage.
You barely miss the gnoll.
The gnoll is moderately wounded.
You completely miss the gnoll. You bite the gnoll. You drain its power.
You feel invigorated.
The gnoll is moderately wounded.
You hit the gnoll.
The gnoll is heavily wounded.
The gnoll closely misses you.
You hit the gnoll. You bite the gnoll. You drain its power.
The gnoll is almost dead.
The gnoll barely misses you.
You hit the gnoll. You bite the gnoll, but do no damage.
The gnoll is almost dead.
You hit the gnoll but do no damage. You bite the gnoll, but do no damage.
The gnoll is almost dead.
The gnoll closely misses you.
You hit the gnoll.
You kill the gnoll!
The bat hits you but does no damage. The gnoll completely misses you.
The gnoll hits you with a +0 club. The gnoll hits you with a +0 flail!
The bat closely misses you.
You see here a +0 flail.
The gnoll attacks as you move away! The gnoll hits you with a +0 club!
You die...

#.###........#
#.....<#.....#
########.....#
##....###
####...#
##.#.# #....#
. ##.#.#
....##@###


#.bggg# #.#.#....# .....#....# ...........# .....#.####### ...###. ... ## You
could see 3 gnolls and a bat.

Vanquished Creatures
  A gnoll (D:2)
  2 dart slugs (D:1)
  A ball python (D:1)
  2 bats (D:1)
  4 endoplasms (D:1)
  A giant cockroach (D:1)
  5 goblins (D:1)
  A hobgoblin (D:1)
  2 quokkas (D:1)
  4 frilled lizards (D:1)
  5 kobolds (D:1)
  7 rats
35 creatures vanquished.

Notes
Turn   | Place    | Note
-------+----------+-------------------------------------------
     0 | D:1      | Bnni the Vine Stalker Brigand began the quest for the Orb.
     0 | D:1      | Reached XP level 1. HP: 11/11 MP: 2/2
   162 | D:1      | Reached skill level 5 in Stealth
   162 | D:1      | Reached XP level 2. HP: 15/15 MP: 1/3
   368 | D:1      | Reached XP level 3. HP: 18/18 MP: 4/4
   970 | D:2      | Slain by a gnoll

Illustrated notes

Levels and vault maps discovered:
D:1:      denvon_arrival_waterhouse, layout_loops_cross, lexackson_kobold_supper
D:2:      layout_basic, basic_altar, ebering_ecumenical_altar_mist

Skill      XL: |  1  2 |
---------------+-------+-----
Short Blades   | 2 |  2.8
Stealth        | 5 |  5.3
Fighting       | 2 |  2.3
Throwing       | |  1.7
Dodging        | |  0.7

Action                     || total
---------------------------++-------
  Melee: Dagger            ||    80
         Bite              ||    27
   Stab: Sleeping          ||     4
 Armour: Robe              ||     1
         Scale mail        ||    30
  Dodge: Dodged            ||    36
